 Dungeon Crawl Stone Soup version 0.22-a0-441-gcf5b0c6 (webtiles) character file.

44 jerryfan the Thaumaturge (level 3, 0/28 HPs)
             Began as a Gnoll Wanderer on May 30, 2018.
             Was a Follower of Makhleb.
             Slain by a gnoll
             ... wielding a +0 spear
              (8 damage)
             ... on level 2 of the Dungeon.
             The game lasted 00:06:02 (1298 turns).

jerryfan the Thaumaturge (Gnoll Wanderer)           Turns: 1298, Time: 00:06:03

Health: 0/28       AC:  7    Str: 18    XL:     3   Next: 62%
Magic:  13/13      EV: 10    Int: 17    God:    Makhleb [*.....]
Gold:   57         SH:  5    Dex: 15    Spells: 20/20 levels left

rFire    . . .     SeeInvis .   h - +2 dagger (pain)
rCold    . . .     Gourm    .   c - +0 buckler
rNeg     . . .     Faith    .   b - +1 ring mail
rPois    .         Spirit   .   (no helmet)
rElec    .         Reflect  .   (no cloak)
rCorr    .         Harm     .   m - +0 pair of gloves
MR       .....                  (no boots)
Stlth    +.........             (no amulet)
HPRegen  0.09/turn              (no ring)
MPRegen  0.13/turn              (no ring)

@: brilliant
A: distributed training, fangs 1, agile 1, deterioration 1, MP-powered wands,
strong nose
a: Renounce Religion


You were on level 2 of the Dungeon.
You worshipped Makhleb.
Makhleb was aware of your devotion.
You were not hungry.

You visited 1 branch of the dungeon, and saw 2 of its levels.

You collected 57 gold pieces.

Inventory:

Hand Weapons
 d - a +0 club
 h - a +2 dagger of pain (weapon)
Missiles
 e - 10 stones (quivered)
 l - 34 arrows
Armour
 b - a +1 ring mail (worn)
 c - a +0 buckler (worn)
 m - a +0 pair of gloves (worn)
Scrolls
 g - a scroll of magic mapping {unknown}
 i - a scroll of amnesia {unknown}
 n - a scroll of enchant armour
Comestibles
 f - a ration
 k - 6 chunks of flesh


   Skills:
 + Level 2.6 Fighting
 + Level 0.8 Short Blades
 + Level 0.8 Long Blades
 + Level 0.8 Axes
 + Level 0.8 Maces & Flails
 + Level 0.8 Polearms
 + Level 0.8 Staves
 + Level 0.8 Slings
 + Level 2.6 Bows
 + Level 0.8 Crossbows
 + Level 2.6 Throwing
 + Level 2.6 Armour
 + Level 0.8 Dodging
 + Level 0.8 Stealth
 + Level 2.6 Shields
 + Level 0.8 Unarmed Combat
 + Level 9.3 Spellcasting
 + Level 0.5 Conjurations
 + Level 0.5 Hexes
 + Level 0.5 Charms
 + Level 0.5 Summonings
 + Level 0.5 Necromancy
 + Level 2.1 Translocations
 + Level 0.5 Transmutations
 + Level 0.5 Fire Magic
 + Level 0.5 Ice Magic
 + Level 0.5 Air Magic
 + Level 0.5 Earth Magic
 + Level 0.5 Poison Magic
 + Level 1.0 Invocations
 + Level 0.8 Evocations


You had 20 spell levels left.
You didn't know any spells.
Your spell library contained the following spells:

 Spells                   Type           Power        Failure   Level  Hunger
 Magic Dart               Conj           ###.         1%          1    None
 Conjure Flame            Conj/Fire      ###.....     5%          3    None
 Slow                     Hex            ###.....     2%          2    None
 Mephitic Cloud           Conj/Pois/Air  ###.....     5%          3    None
 Blink                    Tloc           N/A          1%          2    None
 Call Imp                 Summ           ###.....     2%          2    None


Dungeon Overview and Level Annotations

Branches:
Dungeon (2/15)

Altars:
Makhleb

Annotations:
D:1 1 exclusion


Innate Abilities, Weirdness & Mutations

Your experience applies equally to all skills.
You have very sharp teeth.
Your uncanny sense of smell can sniff out nearby items.
You are agile. (Dex +2)
Your body sometimes deteriorates upon taking damage.
You expend magic power (3 MP) to strengthen your wands.


Message History

The gnoll hits you but does no damage. The gnoll barely misses you.
As you read the scroll labeled FIRPHY VISILICH, it crumbles to dust.
It is a scroll of enchant armour.
Your +0 ring mail glows green for a moment.
The frilled lizard closely misses you. You block the gnoll's attack.
As you read the scroll labeled LETAHE NOCESOPNI, it crumbles to dust.
The creatures around you are filled with an inner flame!
It was a scroll of immolation.
The frilled lizard hisses.
The frilled lizard bites you.
* * * LOW HITPOINT WARNING * * *
The gnoll closely misses you.
Throwing (i - inventory)
e - 11 stones (quivered)
Press: ? - help, Shift-Dir - straight line, f/p - gnoll
Aim: a gnoll, wielding a vampiric halberd (lightly wounded, inner flame)
You throw a stone.
The stone hits the gnoll but does no damage.
You block the frilled lizard's attack.
The gnoll hits you from afar with a spear!
You die...

♣_...♣.♣.♣.......g##.##.###
♣.♣♣♣.♣♣♣.......)..#..#
♣♣.♣.♣♣♣...#######.#..#
♣.♣♣♣♣♣....# #g#...
####♣..÷.### #g#.#..
#....## ######.#.#..#
##+#.### #....g.#.#..#
#.#.#.###.#.l.##
#####.#.....#.#.@.#
........#.###.#...#
#####.#.#.###.#...#
#.#.#.....#...#
#.#.###.......#
#####+#.###.....####+##
..........'............
..........#.....####.##
..........#######


You could see 3 gnolls and a frilled lizard (inner flame).

Vanquished Creatures
  An adder (D:2)
  A dart slug (D:1)
  2 leopard geckos (D:2)
  2 giant cockroaches
  2 goblins (D:1)
  5 hobgoblins
  5 kobolds (D:1)
  A quokka (D:2)
  4 bats
  2 frilled lizards
  5 rats
30 creatures vanquished.

Notes
Turn   | Place    | Note
-------+----------+-------------------------------------------
     0 | D:1      | Reached skill level 9 in Spellcasting
     0 | D:1      | jerryfan the Gnoll Wanderer began the quest for the Orb.
     0 | D:1      | jerryfan set off with: a +0 ring mail, a +0 buckler, a +0 club, a ration
     0 | D:1      | Reached XP level 1. HP: 17/17 MP: 10/10
   143 | D:1      | Reached XP level 2. HP: 23/23 MP: 12/12
   757 | D:2      | Reached XP level 3. HP: 21/28 MP: 13/13
  1050 | D:2      | Reached skill level 1 in Invocations
  1241 | D:2      | Found a faded altar of an unknown god.
  1247 | D:2      | Became a worshipper of Makhleb the Destroyer
  1247 | D:2      | Reached * piety under Makhleb
  1285 | D:2      | Gained mutation: Your body sometimes deteriorates upon taking damage. [potion of mutation]
  1285 | D:2      | Gained mutation: You expend magic power (3 MP) to strengthen your wands. [potion of mutation]
  1285 | D:2      | Gained mutation: You are agile. (Dex +2) [potion of mutation]
  1298 | D:2      | Slain by a gnoll

Vault maps used:
D:1:      moated_graveyard_arrival, serial_bayou_lagoon_a
D:2:      cheibrodos_old_hovel, chequers_ecumenical_altar_grove

Skill      XL: |  1  2  3 |
---------------+----------+-----
Spellcasting   | |  9.3
Translocations | 2 |  2.1
Invocations    | 1 |  1.0
Fighting       | |  2.6
Short Blades   | |  0.8
Long Blades    | |  0.8
Axes           | |  0.8
Maces & Flails | |  0.8
Polearms       | |  0.8
Staves         | |  0.8
Slings         | |  0.8
Bows           | |  2.6
Crossbows      | |  0.8
Throwing       | |  2.6
Armour         | |  2.6
Dodging        | |  0.8
Stealth        | |  0.8
Shields        | |  2.6
Unarmed Combat | |  0.8
Conjurations   | |  0.5
Hexes          | |  0.5
Charms         | |  0.5
Summonings     | |  0.5
Necromancy     | |  0.5
Transmutations | |  0.5
Fire Magic     | |  0.5
Ice Magic      | |  0.5
Air Magic      | |  0.5
Earth Magic    | |  0.5
Poison Magic   | |  0.5
Evocations     | |  0.8

Action                   || total
-------------------------++-------
Melee: Dagger            ||   134
       Club              ||     6
       Bite              ||    11
Throw: Stone             ||    27
  Use: Scroll            ||     3
       Potion            ||     2
  Eat: Chunk             ||     1
Armor: Ring mail         ||    54
Dodge: Dodged            ||    79
Block: Buckler           ||    28

Table legend:
 A = Spawn XP
 B = Non-spawn XP
 C = Spawn XP percentage of total XP
 D = Spawn monster count
 E = Non-spawn monster count
 F = Spawn count percentage of total count
 G = Total turns spent on level
                    A         B        C        D         E        F      G
               +---------+---------+-------+---------+---------+-------+---------
         Total |       0 |      64 |   0.0 |       0 |      30 |   0.0 |  1298
               +---------+---------+-------+---------+---------+-------+---------
           D:1 |       0 |      30 |   0.0 |       0 |      17 |   0.0 |   725
           D:2 |       0 |      34 |   0.0 |       0 |      13 |   0.0 |   573
               +---------+---------+-------+---------+---------+-------+---------
